 Dungeon Crawl Stone Soup version 0.19-a0-1912-g48530cd (webtiles) character file.

65 Firecrotchwizard the Skirmisher (level 4, -1/29 HPs)
             Began as a Gargoyle Fighter on Dec 16, 2016.
             Was an Initiate of Okawaru.
             Slain by a gnoll
             ... wielding a +0 halberd
              (5 damage)
             ... on level 3 of the Dungeon.
             The game lasted 00:03:07 (1657 turns).

Firecrotchwizard the Skirmisher (Gargoyle Fighter)  Turns: 1657, Time: 00:03:08

Health: -1/29      AC: 10    Str: 20    XL:     4   Next: 13%
Magic:  4/4        EV:  7    Int:  8    God:    Okawaru [......]
Gold:   127        SH:  9    Dex: 10    Spells: 3/3 levels left

rFire  + . .     SeeInvis .     a - +1 flail
rCold  . . .     Faith    .     b - +0 scale mail
rNeg   + . .     Spirit   .     c - +0 shield
rPois  ∞         Reflect  .     (no helmet)
rElec  +                        (no cloak)
rCorr  .                        (no gloves)
MR     .....                    (no boots)
Stlth  ..........               (no amulet)
                                q - ring of loudness (curse)
                                m - ring of protection from fire

@: no status effects
A: negative energy resistance 1, electricity resistance, unbreathing,
petrification resistance, rot immunity, AC +3
a: Renounce Religion


You were on level 3 of the Dungeon.
You worshipped Okawaru.
Okawaru was noncommittal.
You were not hungry.

You visited 2 branches of the dungeon, and saw 4 of its levels.

You collected 127 gold pieces.

Inventory:

Hand Weapons
 a - a +1 flail (weapon)
Armour
 b - a +0 scale mail (worn)
 c - a +0 shield (worn)
Jewellery
 m - a ring of protection from fire (left hand)
 q - a cursed ring of loudness (right hand)
Scrolls
 f - a scroll of magic mapping
 p - a scroll of recharging
Potions
 d - a potion of might
 e - a potion of lignification {unknown}
 g - a potion of brilliance {unknown}
 k - a potion of berserk rage {unknown}
 l - a potion of heal wounds {unknown}
 n - a potion of beneficial mutation {unknown}
 o - 2 potions of curing {unknown}


   Skills:
 * Level 4.1 Fighting
 * Level 3.0 Maces & Flails
 + Level 3.5 Armour
 + Level 3.6 Shields


You had 3 spell levels left.
You didn't know any spells.

Dungeon Overview and Level Annotations

Branches:
Dungeon (3/15)             Temple (1/1) D:3
   Lair: D:-1         Crypt: Vaults:-1     Tomb: Vaults:-1

Altars:
Dithmenos
Nemelex Xobeh
Okawaru
Vehumet
The Shining One


Innate Abilities, Weirdness & Mutations

You are resistant to torment.
Your stone body is resilient. (AC +3)
You are immune to poison.
You resist negative energy. (rN+)
You are resistant to electric shocks. (rElec)
You can survive without breathing.
You are immune to petrification.
You are immune to rotting.


Message History

The gnoll is lightly wounded.
The gnoll hits you but does no damage. x2; You block the gnoll's attack. x2
The gnoll hits you but does no damage.
You hit the gnoll (5).
The gnoll is heavily wounded.
The gnoll barely misses you. The gnoll closely misses you.
You block the gnoll's attack.
You completely miss the gnoll.
The gnoll is heavily wounded.
The gnoll hits you but does no damage. The gnoll barely misses you.
You block the gnoll's attack.
You sock the gnoll (10)!
You kill the gnoll!
Okawaru accepts your kill.
Your Maces & Flails skill increases to level 3!
You have reached level 4!
You feel stronger. The gnoll barely misses you.
The gnoll hits you from afar with a halberd (5).
You die...

****** ,,,>,* ######*
,,**,* #.....*
,,**,****##.....####
,,,,,,,,,..........####
,,**,*****#.....@g....#
,,,,,* #....)##.##.#
,,**** #####g**,#*,*
*** #.,,,**,* #.,****,*
* #.,,,,,,* ** *******
##,****** ,* *,,,,,*
*,* ,*****,,,,,* *,*


You could see 2 gnolls.

Vanquished Creatures
  A gnoll (D:3)
  An adder (D:2)
  A dart slug (D:1)
  2 leopard geckos
  An orc (D:3)
  A ball python (D:1)
  8 bats
  3 giant cockroaches
  6 goblins
  4 hobgoblins
  A frilled lizard (D:2)
  4 kobolds
  6 rats
39 creatures vanquished.

Notes
Turn   | Place    | Note
-------+----------+-------------------------------------------
     0 | D:1      | Firecrotchwizard the Gargoyle Fighter began the quest for the Orb.
     0 | D:1      | Reached XP level 1. HP: 14/14 MP: 1/1
   206 | D:1      | Reached XP level 2. HP: 17/19 MP: 2/2
   753 | D:2      | Reached XP level 3. HP: 15/24 MP: 3/3
   909 | D:2      | Reached skill level 4 in Fighting
  1427 | D:3      | Found a staircase to the Ecumenical Temple.
  1431 | Temple   | Entered the Ecumenical Temple
  1437 | Temple   | Became a worshipper of Warmaster Okawaru
  1657 | D:3      | Reached XP level 4. HP: 4/29 MP: 4/4
  1657 | D:3      | Slain by a gnoll

Vault maps used:
D:1:      dpeg_arrival_ternary
D:3:      kennysheep_generic_room_7, uniq_grinder
Temple:   compressed_dpeg_circular_temple

Skill      XL: |  1  2  3 |
---------------+----------+-----
Fighting       | 4 |  4.1
Maces & Flails | 3 |  3.0
Armour         | |  3.5
Shields        | |  3.6

Action                   |  1- 3 |  4- 6 || total
-------------------------+-------+-------++-------
Melee: Flail             |   158 |       ||   158
  Use: Scroll            |     5 |       ||     5
Armor: Scale mail        |    90 |       ||    90
Dodge: Dodged            |    60 |     1 ||    61
Block: Shield            |   104 |       ||   104
